[Event "Team 45 45 League T59"]
[Site "Internet Chess Club"]
[Date "2013.12.14"]
[Round "4"]
[White "houseofcook"]
[Black "drsigmund1"]
[Result "1/2-1/2"]
[WhiteElo "1501"]
[BlackElo "1606"]
[Opening "French: advance, Euwe variation"]
[ECO "C02"]
[Time "13:00:13"]
[TimeControl "2700+45"]

1. e4 e6 2. d4 d5 3. e5 c5 4. c3 Nc6 5. Nf3 Bd7 6. Be2 cxd4 7. cxd4 Bb4+ 8. Bd2
Qa5 9. Bxb4 Qxb4+ 10. Qd2 Qxd2+ 11. Nbxd2 Nge7 12. a3 a5 13. Bd3 O-O 14. O-O f6
15. Rfe1 fxe5 16. Nxe5 Nxe5 17. dxe5 Rac8 18. Nf3 Be8 19. Nd4 Bf7 20. Rac1 Rxc1
21. Rxc1 Rc8 22. Rxc8+ Nxc8 23. f4 {Game drawn by mutual agreement} 1/2-1/2

[Event "Team 45 45 League T59"]
[Site "Internet Chess Club"]
[Date "2013.12.14"]
[Round "4"]
[White "sdcohle"]
[Black "seattleblues"]
[Result "0-1"]
[WhiteElo "1448"]
[BlackElo "1564"]
[Opening "Bogo-Indian defense, Nimzovich variation"]
[ECO "E11"]
[Time "22:00:41"]
[TimeControl "2700+45"]

1. d4 Nf6 2. c4 e6 3. Nf3 Bb4+ 4. Bd2 Qe7 5. a3 Bxd2+ 6. Nbxd2 Nc6 7. e3 O-O 8.
Bd3 d6 9. O-O e5 10. Qc2 h6 11. d5 Nb8 12. e4 Nbd7 13. Rac1 Nc5 14. Nb3 b6 15.
Nbd2 a5 16. a4 Bd7 17. b3 Nh5 18. Be2 Nf4 19. Rfe1 Na6 20. Nb1 Nb4 21. Qd2 Bg4
22. h3 Bxf3 23. Bxf3 Qg5 24. Re3 Nxh3+ 25. Kh2 Nf4 26. g3 Ng6 27. Qe2 Ne7 28.
Nc3 f5 29. exf5 Nxf5 30. Ne4 Qd8 31. Rec3 Nd4 32. Qd1 Na2 33. Bg2 Nxc1 34. Rxc1
Rf7 35. Qd3 Qf8 36. Rf1 Nf3+ 37. Kh1 Rf5 38. Bh3 Rh5 39. Kg2 Ng5 40. Nxg5 Rxg5
41. Be6+ Kh8 42. Re1 Qe7 43. Re3 Rf8 44. Qe4 Qf6 45. f3 Qg6 46. Qxg6 Rxg6 47.
Re4 Rgf6 48. Re3 g5 49. g4 Rf4 50. Bf5 Kg7 51. Kg3 Rh8 52. Re4 h5 53. Re3 hxg4
54. fxg4 Rf1 55. Be4 Rf4 56. Bf5 Rh1 57. Kg2 Rhf1 58. Kg3 Rg1+ 59. Kh2 Ra1 60.
Kg2 Ra3 61. Kg3 Rd4 62. Kf3 Rd2 63. Kg3 Rb2 64. Bd7 Rbxb3 65. Rxb3 Rxb3+ 66. Kf2
Kf6 67. Ke2 e4 68. Bf5 Ke5 69. Kd2 Kd4 70. Kc2 Rc3+ 71. Kd2 Rxc4 72. Ke2 Rxa4
73. Bd7 Rb4 74. Kd2 a4 75. Kc2 a3 76. Ba4 a2 77. Bb3 a1=Q 78. Kd2 Qc3+ 79. Kd1
Qxb3+ 80. Ke1 Qg3+ 81. Kd1 Qg2 82. Kc1 Kd3 83. Kd1 Qd2# {White checkmated} 0-1

[Event "Team 45 45 League T59"]
[Site "Internet Chess Club"]
[Date "2013.12.14"]
[Round "4"]
[White "Bookkeeper"]
[Black "Constrictor"]
[Result "1-0"]
[WhiteElo "1686"]
[BlackElo "1656"]
[Opening "Caro-Kann: advance variation"]
[ECO "B12"]
[Time "15:03:58"]
[TimeControl "2700+45"]

1. e4 c6 2. d4 d5 3. e5 Bf5 4. Nf3 e6 5. Bd3 Ne7 6. O-O Nd7 7. Bg5 Bxd3 8. Qxd3
Qb6 9. Nc3 Ng6 10. Bd2 Be7 11. Na4 Qb5 12. Qxb5 cxb5 13. Nc3 b4 14. Nb5 O-O 15.
Nd6 Bxd6 16. exd6 a5 17. a3 bxa3 18. Rxa3 b6 19. Rfa1 Rac8 20. b4 Rc6 21. bxa5
bxa5 22. Rxa5 Rxd6 23. Bb4 Rc6 24. Bxf8 Ndxf8 25. R1a2 Ne7 26. Ne5 Rc7 27. Ra7
{Black resigns} 1-0

[Event "Team 45 45 League T59"]
[Site "Internet Chess Club"]
[Date "2013.12.15"]
[Round "4"]
[White "elessar"]
[Black "AdithJosh"]
[Result "0-1"]
[WhiteElo "1576"]
[BlackElo "1457"]
[Opening "Sicilian: dragon variation"]
[ECO "B70"]
[Time "17:00:34"]
[TimeControl "2700+45"]

1. e4 c5 2. Nf3 d6 3. d4 cxd4 4. Nxd4 Nf6 5. Nc3 g6 6. Bg5 Bg7 7. Bb5+ Bd7 8.
Qd2 O-O 9. O-O-O Nc6 10. Bxc6 bxc6 11. h3 Rb8 12. Be3 c5 13. Nde2 Nxe4 14. Qd3
Nxc3 15. Nxc3 Qa5 16. Bd2 Be6 17. a3 Rb7 18. Qe4 Rfb8 19. Na4 Bxb2+ 20. Nxb2
Qxa3 21. Bc3 Qxc3 22. Rd3 Qxb2+ 23. Kd2 Bf5 {White resigns} 0-1

[Event "Team 45 45 League T59"]
[Site "Internet Chess Club"]
[Date "2013.12.14"]
[Round "4"]
[White "chesskix"]
[Black "bayoumicardio10"]
[Result "0-1"]
[WhiteElo "1355"]
[BlackElo "1690"]
[Opening "English opening"]
[ECO "A05"]
[Time "18:00:43"]
[TimeControl "2700+45"]

1. Nf3 Nf6 2. c4 g6 3. Nc3 Bg7 4. b3 d6 5. Bb2 c5 6. g3 O-O 7. Bg2 Nc6 8. O-O
Be6 9. Rc1 Qd7 10. Ng5 Bf5 11. e4 Bg4 12. Qc2 h6 13. Nf3 Bh3 14. Nd5 Bxg2 15.
Kxg2 Nxd5 16. exd5 Nb4 17. Qb1 Bxb2 18. Qxb2 Nd3 19. Qb1 Nxc1 20. Qxc1 Qf5 21.
Qc3 e5 22. dxe6 fxe6 23. d4 cxd4 24. Nxd4 Qf6 25. Qe3 e5 26. Nf3 g5 27. Qe4 Rf7
28. Qd5 Rf8 29. Nd2 Kg7 30. Ne4 Qf3+ 31. Kg1 b6 32. b4 g4 33. a4 h5 34. a5 h4
35. axb6 h3 36. Nxd6 Qxd5 37. cxd5 Rd7 38. Nc4 axb6 39. Nxb6 Rb7 40. Nc4 Rxb4
41. Nxe5 Re8 42. Nc6 Rb2 43. Rd1 Rf8 44. d6 Rfxf2 45. d7 Rg2+ 46. Kf1 Rxh2
{White resigns} 0-1

[Event "Team 45 45 League T59"]
[Site "Internet Chess Club"]
[Date "2013.12.15"]
[Round "4"]
[White "fledermaus"]
[Black "primerpaso"]
[Result "0-1"]
[WhiteElo "1875"]
[BlackElo "1956"]
[Opening "Queen's pawn game"]
[ECO "D02"]
[Time "16:10:08"]
[TimeControl "2700+45"]

1. Nf3 d5 2. d4 g6 3. c4 c6 4. Qb3 Nf6 5. Bf4 Qb6 6. c5 Qxb3 7. axb3 Na6 8. e3
Nh5 9. Bg3 Bg7 10. Ra4 Nxg3 11. hxg3 Nc7 12. b4 O-O 13. Nc3 a6 14. Bd3 Bf5 15.
Bxf5 gxf5 16. Rh5 e6 17. Ke2 Ne8 18. Rh1 Nf6 19. Nh4 Ne4 20. Rh3 Bf6 21. f3
Nxc3+ 22. bxc3 Rfb8 23. e4 dxe4 24. fxe4 fxe4 25. Ra1 Bg5 26. g4 Kg7 27. g3 Bxh4
28. Rxh4 Rh8 29. Rf1 a5 30. bxa5 Rxa5 31. g5 Ra2+ 32. Ke3 Rc2 33. Kxe4 Rxc3 34.
Rhf4 Rf8 35. g4 Rb3 36. Rf6 b6 37. cxb6 Rxb6 38. Rc1 Rc8 39. Rf3 Rb5 40. Rc5
Rxc5 41. dxc5 Rd8 42. Rd3 Rxd3 43. Kxd3 Kg6 44. Ke4 Kxg5 45. Ke5 f5 46. gxf5
exf5 47. Kd6 f4 48. Kxc6 f3 {White resigns} 0-1

[Event "Team 45 45 League T59"]
[Site "Internet Chess Club"]
[Date "2013.12.14"]
[Round "4"]
[White "frank001"]
[Black "RubberDuck"]
[Result "1-0"]
[WhiteElo "1790"]
[BlackElo "1881"]
[Opening "Sicilian: Canal-Sokolsky attack, 3...Bd7"]
[ECO "B52"]
[Time "06:06:05"]
[TimeControl "2700+45"]

1. e4 c5 2. Nf3 d6 3. Bb5+ Bd7 4. Bxd7+ Nxd7 5. O-O Ngf6 6. Qe2 g6 7. c3 Bg7 8.
d4 O-O 9. e5 dxe5 10. dxe5 Ne8 11. e6 Ndf6 12. exf7+ Rxf7 13. Ng5 Nc7 14. Nxf7
Kxf7 15. Re1 {Black resigns} 1-0

[Event "Team 45 45 League T59"]
[Site "Internet Chess Club"]
[Date "2013.12.13"]
[Round "4"]
[White "jonesey"]
[Black "Heian"]
[Result "1-0"]
[WhiteElo "1878"]
[BlackElo "1807"]
[Opening "KGD: classical, 4.c3"]
[ECO "C30"]
[Time "17:00:19"]
[TimeControl "2700+45"]

1. e4 e5 2. f4 Bc5 3. Nf3 d6 4. c3 Nc6 5. d4 exd4 6. cxd4 Bb6 7. Bb5 a6 8. Ba4
Ba5+ 9. Bd2 Bxd2+ 10. Qxd2 Bd7 11. O-O Nf6 12. Nc3 O-O 13. Rac1 b5 14. Bc2 Rc8
15. Bb1 Kh8 16. d5 Na5 17. e5 Ng8 18. Nd4 g6 19. Ncxb5 axb5 20. Qxa5 dxe5 21.
fxe5 Be8 22. Be4 Qh4 23. Qe1 Qe7 24. Bd3 Qd8 25. Ne6 Qxd5 26. Nxf8 Qxd3 27. e6
Qd4+ 28. Kh1 f5 29. Nd7 Qg7 30. Qc3 c6 31. Rfe1 Rc7 32. Qa5 Rxd7 33. exd7 Bxd7
34. Qd8 f4 35. Rcd1 Bf5 36. Re8 g5 37. Rxg8+ Qxg8 38. Qf6+ {Black resigns} 1-0

[Event "Team 45 45 League T59"]
[Site "Internet Chess Club"]
[Date "2013.12.14"]
[Round "4"]
[White "MASTERCHEF"]
[Black "alexping"]
[Result "1/2-1/2"]
[WhiteElo "1735"]
[BlackElo "1849"]
[Opening "French: King's Indian attack"]
[ECO "C00"]
[Time "23:00:55"]
[TimeControl "2700+45"]

1. e4 e6 2. d3 d5 3. Nd2 c5 4. Ngf3 Nc6 5. g3 Nf6 6. Qe2 Be7 7. Bg2 O-O 8. O-O
a5 9. a3 a4 10. Re1 Nd7 11. Nf1 Ra6 12. e5 b5 13. h4 Qb6 14. N1h2 c4 15. h5 f6
16. exf6 Nxf6 17. h6 g6 18. Bh3 Nd8 19. Ng5 Bc5 20. Be3 d4 21. Bf4 c3 22. bxc3
dxc3 23. Be3 Nh5 24. Bg4 Nf6 25. Bh3 Nh5 26. Bg4 Nf6 27. Bh3 {Game drawn by
repetition} 1/2-1/2

[Event "Team 45 45 League T59"]
[Site "Internet Chess Club"]
[Date "2013.12.14"]
[Round "4"]
[White "Beetlejuice"]
[Black "zap2"]
[Result "1-0"]
[WhiteElo "1783"]
[BlackElo "1736"]
[Opening "Catalan: closed, 7.Qc2"]
[ECO "E08"]
[Time "09:01:57"]
[TimeControl "2700+45"]

1. d4 Nf6 2. c4 e6 3. g3 d5 4. Nf3 Nbd7 5. Bg2 Be7 6. O-O O-O 7. Qc2 b6 8. cxd5
exd5 9. Nc3 Bb7 10. Rd1 c5 11. e3 Rc8 12. dxc5 bxc5 13. Nh4 Nb6 14. Nf5 Re8 15.
Nxe7+ Qxe7 16. Ne2 Red8 17. b3 Nbd7 18. Nf4 Ne5 19. Ba3 d4 20. exd4 Nf3+ 21.
Bxf3 Bxf3 22. Re1 Qb7 23. dxc5 g5 24. Qf5 gxf4 25. Qg5+ Kh8 26. Qxf6+ Kg8 27.
Bb2 {Black resigns} 1-0

[Event "Team 45 45 League T59"]
[Site "Internet Chess Club"]
[Date "2013.12.12"]
[Round "4"]
[White "qs16"]
[Black "nanning"]
[Result "1-0"]
[WhiteElo "1791"]
[BlackElo "1638"]
[Opening "Queen's pawn game"]
[ECO "D00"]
[Time "15:00:36"]
[TimeControl "2700+45"]

1. d4 d5 2. Nd2 c5 3. c3 cxd4 4. cxd4 Nc6 5. e3 Nf6 6. Bd3 e5 7. dxe5 Nxe5 8.
Be2 Be6 9. Ngf3 Bd6 10. O-O O-O 11. b3 Nxf3+ 12. Bxf3 Be5 13. Ba3 Re8 14. Rc1
Qa5 15. Nb1 Ne4 16. Bxe4 dxe4 17. Rc5 {Black resigns} 1-0

[Event "Team 45 45 League T59"]
[Site "Internet Chess Club"]
[Date "2013.12.12"]
[Round "4"]
[White "HematiteBrown"]
[Black "minke"]
[Result "1-0"]
[WhiteElo "2017"]
[BlackElo "1906"]
[Opening "Pirc defense"]
[ECO "B07"]
[Time "20:04:22"]
[TimeControl "2700+45"]

1. e4 d6 2. d4 Nf6 3. Nc3 g6 4. f3 c6 5. g4 b5 6. g5 Nfd7 7. a3 Bg7 8. Be3 a6 9.
Qd2 Nb6 10. b3 Qc7 11. Rd1 N8d7 12. Nge2 Bb7 13. Bh3 c5 14. Bxd7+ Nxd7 15. dxc5
Nxc5 16. Nd5 Bxd5 17. Qxd5 Rc8 18. O-O O-O 19. Nf4 Nd7 20. Rf2 Qa5 21. a4 Nc5
22. axb5 axb5 23. Qd2 Bc3 24. Qe2 Be5 25. b4 Qxb4 26. Nd5 Qb2 27. Nxe7+ Kh8 28.
Nxc8 Rxc8 29. Qd2 b4 30. Bd4 Bxd4 31. Qxd4+ Qxd4 32. Rxd4 Ne6 33. Rxb4 Nxg5 34.
Kg2 Rc6 35. f4 Ne6 36. f5 Nc5 37. e5 dxe5 38. Rc4 f6 39. Rd2 Rc7 40. Rd5 Na6 41.
Rxc7 Nxc7 42. Rd8+ Kg7 43. Rd7+ {Black resigns} 1-0

[Event "Team 45 45 League T59"]
[Site "Internet Chess Club"]
[Date "2013.12.14"]
[Round "4"]
[White "alexine"]
[Black "spuzzy"]
[Result "1-0"]
[WhiteElo "1672"]
[BlackElo "1664"]
[Opening "King's Indian: Torre attack"]
[ECO "A48"]
[Time "14:00:53"]
[TimeControl "2700+45"]

1. d4 Nf6 2. Nf3 g6 3. Bg5 Bg7 4. Nbd2 d5 5. e3 Nc6 6. c3 Bg4 7. h3 Bf5 8. Be2
a5 9. a4 h6 10. Bf4 g5 11. Bh2 g4 12. Nh4 Be4 13. Nxe4 Nxe4 14. Bxg4 e6 15. Nf3
h5 16. Bxh5 Rxh5 17. Ne5 Rh7 18. Nxc6 bxc6 19. Qd3 Qg5 20. O-O Rxh3 21. Bxc7 Rh8
22. f3 Ng3 23. Kf2 Qh4 24. Bxg3 Qh7 25. Qxh7 Rxh7 26. Rh1 Rxh1 27. Rxh1 Ke7 28.
Bc7 Ra7 29. Bb6 Rb7 30. Bc5+ Kf6 31. b4 axb4 32. Bxb4 e5 33. a5 Ke6 34. a6 Ra7
35. Ra1 Kd7 36. Bc5 Ra8 37. a7 Bf6 38. Rb1 {Black resigns} 1-0

[Event "Team 45 45 League T59"]
[Site "Internet Chess Club"]
[Date "2013.12.15"]
[Round "4"]
[White "az2112"]
[Black "quale"]
[Result "1/2-1/2"]
[WhiteElo "1677"]
[BlackElo "1741"]
[Opening "French: Tarrasch, closed variation"]
[ECO "C05"]
[Time "21:05:40"]
[TimeControl "2700+45"]

1. e4 e6 2. d4 d5 3. Nd2 Nf6 4. e5 Nfd7 5. Bd3 c5 6. c3 Nc6 7. Ndf3 cxd4 8. cxd4
Qb6 9. Ne2 f6 10. exf6 Nxf6 11. O-O Bd6 12. Re1 O-O 13. b3 e5 14. dxe5 Nxe5 15.
Nxe5 Bxe5 16. Be3 Qd6 17. Rc1 b6 18. h3 Kh8 19. Nd4 Bd7 20. Bb1 Bf4 21. Nf3 Rae8
22. Qd4 Bxe3 23. Rxe3 Rxe3 24. Qxe3 Re8 25. Qd3 h6 26. Rd1 Qc5 27. Qd4 Re2 28.
Rd2 Qxd4 29. Rxd4 Rb2 30. Rd1 Kg8 31. Ne5 Be8 32. Nd3 Re2 33. Nf4 Rb2 34. Nd3
Re2 35. Kf1 Re7 36. Nf4 Bb5+ 37. Bd3 Bxd3+ 38. Rxd3 Rd7 39. h4 Kf7 40. f3 Ke7
41. Ke2 h5 42. Ke3 Kd6 43. Kd4 Rc7 44. Rd2 Rc1 45. Nh3 a5 46. Ng5 Rh1 47. Nh3
Rc1 48. Nf4 {Game drawn by mutual agreement} 1/2-1/2

[Event "Team 45 45 League T59"]
[Site "Internet Chess Club"]
[Date "2013.12.15"]
[Round "4"]
[White "Riddick"]
[Black "LittleButton"]
[Result "0-1"]
[WhiteElo "1843"]
[BlackElo "1849"]
[Opening "Sicilian: dragon variation"]
[ECO "B70"]
[Time "13:00:44"]
[TimeControl "2700+45"]

1. e4 c5 2. Nf3 d6 3. d4 cxd4 4. Nxd4 Nf6 5. Nc3 g6 6. Bb5+ Bd7 7. Bc4 Bg7 8.
Be3 Nc6 9. f3 O-O 10. Nxc6 bxc6 11. O-O Be6 12. Bb3 Qc7 13. Qd2 d5 14. exd5 cxd5
15. Kh1 Rfd8 16. Nb5 Qb7 17. Nd4 Bd7 18. Bh6 Bh8 19. Rfe1 Re8 20. Re5 e6 21.
Rae1 Ne4 22. R1xe4 dxe4 23. Rxe4 Rad8 24. Bg5 Rc8 25. c3 a5 26. Rh4 a4 27. Bd1
Qd5 28. a3 Rb8 29. g4 e5 30. Bd8 Bg7 {White resigns} 0-1

[Event "Team 45 45 League T59"]
[Site "Internet Chess Club"]
[Date "2013.12.17"]
[Round "4"]
[White "badmove"]
[Black "DanMcClintic"]
[Result "0-1"]
[WhiteElo "1595"]
[BlackElo "1672"]
[Opening "Caro-Kann: classical variation"]
[ECO "B18"]
[Time "09:15:42"]
[TimeControl "2700+45"]

1. e4 c6 2. d4 d5 3. Nc3 dxe4 4. Nxe4 Bf5 5. Ng3 Bg6 6. Nf3 Nd7 7. Bc4 e6 8. Nh4
Ngf6 9. Nxg6 hxg6 10. Bf4 Nd5 11. Bd2 Bd6 12. Qf3 Qf6 13. Ne4 Qe7 14. Nxd6+ Qxd6
15. g3 O-O-O 16. c3 f5 17. O-O-O N7f6 18. Bd3 e5 19. dxe5 Qxe5 20. Rhe1 Qd6 21.
Qg2 Rde8 22. Rxe8+ Rxe8 23. h3 Ne4 24. Bxe4 Rxe4 25. g4 Qe6 26. gxf5 Qxf5 27.
Re1 Rxe1+ 28. Bxe1 Nf4 29. Qg4 Nxh3 30. f3 Ng5 31. Qxf5+ gxf5 32. f4 Ne4 33. Kc2
Kd7 34. Kd3 Kd6 35. Ke2 c5 36. Ke3 b5 37. Bh4 Kd5 38. Bd8 c4 39. Ba5 a6 40. b3
g6 41. bxc4+ Kxc4 42. a3 Nxc3 43. Bb4 Nd5+ {White resigns} 0-1

[Event "Team 45 45 League T59"]
[Site "Internet Chess Club"]
[Date "2013.12.17"]
[Round "4"]
[White "BrerRabbit"]
[Black "Schachteufel"]
[Result "1/2-1/2"]
[WhiteElo "1563"]
[BlackElo "1671"]
[Opening "King's Indian: East Indian defense"]
[ECO "A48"]
[Time "10:47:15"]
[TimeControl "2700+45"]

1. d4 Nf6 2. Nf3 g6 3. Nbd2 Bg7 4. e4 d6 5. c3 O-O 6. Bd3 c5 7. dxc5 dxc5 8. Qe2
Nc6 9. O-O Nh5 10. Nb3 Qd6 11. Be3 b6 12. Rad1 Nf4 13. Qc2 Nxd3 14. Rxd3 Qc7 15.
Rdd1 Bg4 16. h3 Bxf3 17. gxf3 Ne5 18. Nd2 Rad8 19. Kg2 Nd3 20. Rh1 Qe5 21. Nf1
Nf4+ 22. Bxf4 Qxf4 23. Ng3 h5 24. Rxd8 Rxd8 25. Rd1 Rxd1 26. Qxd1 Qg5 27. Kf1
Be5 28. Ne2 h4 29. f4 Bxf4 30. Nxf4 Qxf4 31. Qd8+ Kg7 32. Qxe7 Qc1+ 33. Kg2 Qxb2
34. e5 Qxa2 35. Qf6+ Kg8 36. Qd8+ Kg7 37. Qf6+ Kg8 38. Qd8+ Kg7 39. Qf6+ Kg8 40.
Qd8+ Kg7 41. Qf6+ Kg8 42. Qd8+ {Game drawn by repetition} 1/2-1/2

[Event "Team 45 45 League T59"]
[Site "Internet Chess Club"]
[Date "2013.12.15"]
[Round "4"]
[White "IndianPawn"]
[Black "Goli"]
[Result "1-0"]
[WhiteElo "1977"]
[BlackElo "1808"]
[Opening "Robatsch (modern) defense"]
[ECO "B06"]
[Time "06:12:08"]
[TimeControl "2700+45"]

1. e4 g6 2. d4 Bg7 3. Nc3 d6 4. Be3 Nf6 5. Qd2 O-O 6. Bh6 Nc6 7. Bxg7 Kxg7 8.
O-O-O e5 9. dxe5 Nxe5 10. f4 Ned7 11. Nf3 Qe7 12. Qd4 Kg8 13. e5 Ne8 14. h4 dxe5
15. fxe5 Qc5 16. Qf4 Ng7 17. Ne4 Qe7 18. Rxd7 Bxd7 19. Nf6+ Kh8 20. Qh6 Qxf6 21.
exf6 Nf5 22. Qf4 {Black resigns} 1-0

[Event "Team 45 45 League T59"]
[Site "Internet Chess Club"]
[Date "2013.12.15"]
[Round "4"]
[White "Ayensa80"]
[Black "SugarIslander"]
[Result "1-0"]
[WhiteElo "1804"]
[BlackElo "1676"]
[Opening "Petrov: classical attack, Mason variation"]
[ECO "C42"]
[Time "15:00:34"]
[TimeControl "2700+45"]

1. e4 e5 2. Nf3 Nf6 3. Nxe5 d6 4. Nf3 Nxe4 5. d4 d5 6. Bd3 Be7 7. O-O O-O 8. c4
Nf6 9. h3 c5 10. cxd5 cxd4 11. Nxd4 Nxd5 12. Nc3 Nxc3 13. bxc3 Bf6 14. Bf4 Nc6
15. Nb5 Be5 16. Bxe5 Nxe5 17. Bxh7+ Kxh7 18. Qh5+ Kg8 19. Qxe5 Re8 20. Rad1 Bd7
21. Qf4 Bxb5 22. Rxd8 Raxd8 23. c4 Bc6 24. Rb1 Re6 25. Qc7 Rde8 26. Rd1 R6e7 27.
Qa5 a6 28. Rd8 g6 29. Kh2 Rxd8 30. Qxd8+ Re8 31. Qf6 Re6 32. Qd8+ Re8 33. Qd2
Re4 34. c5 Re5 35. Qc3 Re2 36. Qa5 Rxf2 37. Qd8+ Kg7 38. Qd4+ Rf6 39. g4 g5 40.
h4 Kg6 41. h5+ Kg7 42. h6+ Kg6 43. h7 Rf1 44. Qd3+ Kg7 45. Qxf1 Bd5 46. Qh3 Kh8
47. Qh6 Be6 48. Kg3 Bxa2 49. Qf6+ Kxh7 50. Qxg5 Be6 51. Kf4 a5 52. Ke5 a4 53.
Kf6 a3 54. Qg7# {Black checkmated} 1-0

[Event "Team 45 45 League T59"]
[Site "Internet Chess Club"]
[Date "2013.12.16"]
[Round "4"]
[White "leandro-fire"]
[Black "tsia68"]
[Result "1/2-1/2"]
[WhiteElo "1720"]
[BlackElo "1784"]
[Opening "King's Indian: Sämisch, orthodox, 7.d5"]
[ECO "E87"]
[Time "15:07:32"]
[TimeControl "2700+45"]

1. d4 Nf6 2. c4 g6 3. Nc3 Bg7 4. e4 d6 5. f3 O-O 6. Be3 e5 7. d5 Nh5 8. Qd2 f5
9. Bh6 Qh4+ 10. Kd1 Ng3 11. Bxg7 Kxg7 12. Qf2 f4 13. Nge2 Qh6 14. Nxg3 fxg3 15.
Qxg3 Qe3 16. Qe1 Qf4 17. Qd2 Qf6 18. h4 h6 19. Be2 a5 20. g4 Qf7 21. Kc2 Na6 22.
Raf1 Bd7 23. Bd1 Qf4 24. Qxf4 Rxf4 25. Ne2 Rf7 26. Ng3 Nb4+ 27. Kb1 Nd3 28. h5
g5 29. Nf5+ Bxf5 30. exf5 b6 31. Bc2 Nf4 32. Rh2 Kf6 33. a3 Rff8 34. Ka2 Rfb8
35. a4 Ra7 36. Ka3 Raa8 37. Rb1 Ra7 38. b4 axb4+ 39. Kxb4 Ra5 40. Be4 Rba8 41.
Ra2 R8a7 42. Bc2 Ne2 43. Rd1 Ra8 44. Rd2 Nf4 45. Be4 {Game drawn by mutual
agreement} 1/2-1/2

[Event "Team 45 45 League T59"]
[Site "Internet Chess Club"]
[Date "2013.12.15"]
[Round "4"]
[White "Duguesclin"]
[Black "quickmissile"]
[Result "0-1"]
[WhiteElo "1623"]
[BlackElo "1662"]
[Opening "King's Indian: Four pawns attack"]
[ECO "E76"]
[Time "08:15:37"]
[TimeControl "2700+45"]

1. d4 Nf6 2. c4 g6 3. Nc3 Bg7 4. e4 d6 5. f4 O-O 6. Nf3 Bg4 7. Be2 c5 8. d5 Re8
9. O-O Bxf3 10. Bxf3 e5 11. dxe6 fxe6 12. e5 dxe5 13. Bxb7 Nbd7 14. Bxa8 Qxa8
15. fxe5 Nxe5 16. Qe2 Nc6 17. Nb5 Nd4 18. Nxd4 cxd4 19. Bg5 Ne4 20. Bh4 Nd6 21.
Rad1 Qc6 22. b3 Nf5 23. Bg3 Ne3 24. Rf3 Nxd1 25. Qxd1 e5 26. Bf2 e4 27. Rf4 e3
28. Bh4 e2 29. Qe1 d3 30. Bf2 Bh6 31. Rd4 d2 32. Rxd2 Bxd2 33. Qxd2 Qe4 34. Be1
Qf5 35. Qd5+ Qxd5 36. cxd5 Rd8 37. Kf2 Rxd5 38. Kxe2 Rh5 39. h4 Rc5 40. a4 Rc2+
41. Kf3 Rc1 42. Bd2 Rc2 43. Be1 Rb2 44. b4 Rb3+ 45. Kf4 Kf7 46. g4 Rb1 47. Bd2
Rf1+ 48. Kg5 Rf3 49. b5 Kg7 50. h5 h6+ 51. Kh4 g5+ 52. Bxg5 hxg5+ 53. Kxg5 Ra3
54. h6+ Kh7 55. Kh5 Rh3+ 56. Kg5 Rxh6 57. Kf5 Rh3 58. a5 Rb3 59. b6 axb6 60.
axb6 Rxb6 61. g5 Rb5+ 62. Kf6 Rb6+ 63. Kf5 Kg7 64. Kg4 Kg6 {White resigns} 0-1

[Event "Team 45 45 League T59"]
[Site "Internet Chess Club"]
[Date "2013.12.14"]
[Round "4"]
[White "Muravey"]
[Black "HumanTornado"]
[Result "0-1"]
[WhiteElo "2023"]
[BlackElo "2007"]
[Opening "Scotch: Potter variation"]
[ECO "C45"]
[Time "13:08:40"]
[TimeControl "2700+45"]

1. e4 e5 2. Nf3 Nc6 3. d4 exd4 4. Nxd4 Bc5 5. Nb3 Bb6 6. Nc3 Nf6 7. Bf4 d6 8.
Qd2 Be6 9. Be2 Ne5 10. Nd4 Qe7 11. Bb5+ Ned7 12. Nxe6 fxe6 13. O-O-O O-O-O 14.
Qe2 Kb8 15. Bg3 a6 16. Bc4 Ne5 17. Bb3 g5 18. h4 h6 19. Qd2 Nfg4 20. Rde1 Ng6
21. hxg5 hxg5 22. f3 Rxh1 23. fxg4 Rxe1+ 24. Qxe1 Nf4 25. Qd2 Rf8 26. Nd1 Qh7
27. Bxf4 gxf4 28. Bxe6 Qh1 29. Kb1 f3 30. gxf3 Rxf3 31. Bb3 Be3 32. Qd3 Bf4 33.
Qd4 Rf2 34. c3 Rd2 35. Qa4 b5 36. Qxa6 Rxd1+ {White resigns} 0-1

[Event "Team 45 45 League T59"]
[Site "Internet Chess Club"]
[Date "2013.12.13"]
[Round "4"]
[White "BuddyT"]
[Black "Constrictor"]
[Result "1-0"]
[WhiteElo "1892"]
[BlackElo "1672"]
[Opening "QGD Slav: Wiesbaden variation"]
[ECO "D17"]
[Time "21:00:13"]
[TimeControl "2700+45"]

1. d4 Nf6 2. Nf3 d5 3. c4 c6 4. Nc3 dxc4 5. a4 Bf5 6. Ne5 e6 7. e3 Bb4 8. Bxc4
Ne4 9. Qb3 Qa5 10. O-O b5 11. Nxe4 bxc4 12. Nxc4 Qd5 13. Qxb4 Bxe4 14. Nd6+ Kd7
15. Nxe4 Kc7 16. Nc5 Nd7 17. Qb7+ {Black resigns} 1-0

[Event "Team 45 45 League T59"]
[Site "Internet Chess Club"]
[Date "2013.12.16"]
[Round "4"]
[White "Stiltzkin"]
[Black "ghostfire"]
[Result "1-0"]
[WhiteElo "1670"]
[BlackElo "1688"]
[Opening "QGD Slav: Krause attack"]
[ECO "D17"]
[Time "18:01:52"]
[TimeControl "2700+45"]

1. d4 d5 2. c4 c6 3. Nf3 Nf6 4. Nc3 dxc4 5. a4 Bf5 6. Ne5 Nbd7 7. Nxc4 e6 8. f3
Be7 9. e4 Bg6 10. Be2 O-O 11. Be3 Qc7 12. O-O Rad8 13. Qc2 Nd5 14. Bf2 Nf4 15.
Bg3 Nxe2+ 16. Nxe2 Qc8 17. Nf4 b5 18. Nxg6 hxg6 19. Nd6 Bxd6 20. Bxd6 Rfe8 21.
axb5 cxb5 22. Qxc8 Rxc8 23. Rxa7 Rc2 24. Rxd7 Rxb2 25. Ra1 Rc8 26. Rc7 Rd8 27.
Bc5 e5 28. d5 f5 29. Raa7 Rb1+ 30. Kf2 Rb2+ 31. Kg3 Kh7 32. Rxg7+ Kh6 33. Rh7+
{Black resigns} 1-0